 Dungeon Crawl Stone Soup version bcrawl-1.28 (webtiles) character file.

Game seed: 8633261689150877100

129945 LostNumber the Slasher (level 2, -2/26 HPs)
             Began as a Djinni Berserker on Nov 22, 2020.
             Was a Follower of Trog.
             Slain by a leopard gecko (4 damage)
             ... on level 1 of the Dungeon.
             The game lasted 00:00:42 (265 turns).

LostNumber the Slasher (Djinni Berserker)            Turns: 265, Time: 00:00:43

Health: -2/26      AC:  2    Str: 19    XL:     2   Next: 41%
Magic:  2/2        EV: 12    Int:  9    God:    Trog [*.....]
Gold:   9          SH:  0    Dex: 10    Spells: 1/1 levels left

rFire    . . .     SeeInvis .   a - +0 falchion
rCold    . . .     Gourm    .   (no shield)
rNeg     . . .     Faith    .   b - +0 animal skin
rPois    .         Spirit   .   (no helmet)
rElec    .         Reflect  .   f - scarf {repulsion}
rCorr    .         Harm     .   (no gloves)
MR       .....     Rnd*Rage +   (boots unavailable)
Stlth    +.........             (no amulet)
HPRegen  0.08/turn              (no ring)
MPRegen  0.08/turn              (no ring)

@: flying, repel missiles
A: never pass out, berserk 2, blurry vision 2, wild magic 1, MP-powered wands,
floating
a: Berserk, Renounce Religion


You were on level 1 of the Dungeon.
You worshipped Trog.
Trog was aware of your devotion.
You were not hungry.

You visited 1 branch of the dungeon, and saw 1 of its levels.

You collected 9 gold pieces.

Inventory:

Hand Weapons
 a - a +0 falchion (weapon)
Armour
 b - a +0 animal skin (worn)
 f - a scarf of repulsion (worn)
   (You found it on level 1 of the Dungeon)
Scrolls
 c - a scroll of fog {unknown}
 h - a scroll of identify {@r1}
 i - a scroll of enchant weapon {unknown}
Potions
 g - a potion of degeneration {unknown}
Comestibles
 d - 4 chunks of flesh
 e - 2 rations {!d!d}


   Skills:
 + Level 3.5 Fighting
 * Level 3.7 Long Blades
 + Level 2.0 Armour
 + Level 2.2 Dodging


You had one spell level left.
You didn't know any spells.
Your spell library was empty.

Dungeon Overview and Level Annotations

Branches:
Dungeon (1/12)

Altars:


Innate Abilities, Weirdness & Mutations

You never pass out after going berserk.
You often lose your temper in combat.
Scrolls take you longer to read.
Your spells are a little harder to cast, but a little more powerful.
You expend magic power (3 MP) to strengthen your wands.
Your body floats in the air.


Message History

You hit the dart slug but do no damage. The bat hits you but does no damage.
The hobgoblin hits you with a +0 club. The dart slug bites you.
You hit the dart slug. The bat hits you but does no damage.
The hobgoblin hits you with a +0 club.
You slash the dart slug!
You kill the dart slug!
Trog accepts your kill. The bat misses you.
The hobgoblin hits you but does no damage.
You hit the hobgoblin. The bat closely misses you.
The hobgoblin hits you with a +0 club.
There are monsters nearby!
You hit the hobgoblin. The bat barely misses you.
The leopard gecko barely misses you. The bat hits you.
The hobgoblin barely misses you.
You hit the hobgoblin.
You kill the hobgoblin!
Trog accepts your kill. The bat misses you. The bat closely misses you.
The leopard gecko barely misses you.
You hit the leopard gecko but do no damage.
The leopard gecko bites you. The bat barely misses you.
You slash the bat!
You kill the bat!
Trog accepts your kill. The leopard gecko misses you.
You completely miss the leopard gecko. The leopard gecko barely misses you.
You closely miss the leopard gecko. The leopard gecko closely misses you.
You closely miss the leopard gecko. The leopard gecko bites you.
You hit the leopard gecko but do no damage.
The leopard gecko hisses menacingly.
The leopard gecko bites you.
* * * LOW HITPOINT WARNING * * *
Okay, then.
Unknown command.
You barely miss the leopard gecko.
The leopard gecko bites you but does no damage.
You hit the leopard gecko. The leopard gecko bites you.
* * * LOW HITPOINT WARNING * * *
You barely miss the leopard gecko. The leopard gecko bites you.
* * * LOW HITPOINT WARNING * * *
You miss the leopard gecko. The leopard gecko bites you.
* * * LOW HITPOINT WARNING * * *
You barely miss the leopard gecko. The leopard gecko barely misses you.
The leopard gecko bites you.
* * * LOW HITPOINT WARNING * * *
You see here an amethyst potion.
Some of the chunks of flesh in your inventory have rotted away.
You miss the leopard gecko. The leopard gecko bites you.
You die...

........#..........#.#.#.
........####.......#.....
##......# .............
........# ...........#
##......# .......)...#
##......# ...^..[....#
##......##########!#.#
##.......#########.#.#
##..............@l...#
#########..........##....
. ........########## ###
# ######... .....#
#.#.#.# ..... .# #.....
.# #..... ..


You could see a leopard gecko.

Vanquished Creatures
  2 dart slugs (D:1)
  3 goblins (D:1)
  2 hobgoblins (D:1)
  3 bats (D:1)
  A rat (D:1)
11 creatures vanquished.

Notes
Turn   | Place    | Note
-------+----------+-------------------------------------------
     0 | D:1      | LostNumber the Djinni Berserker began the quest for the
                  | Orb.
     0 | D:1      | Reached XP level 1. HP: 19/19 MP: 1/1
   169 | D:1      | Reached XP level 2. HP: 21/26 MP: 2/2
   265 | D:1      | Slain by a leopard gecko

Skill      XL: |  1  2 |
---------------+-------+-----
Armour         | 2 |  2.0
Fighting       | |  3.5
Long Blades    | |  3.7
Dodging        | |  2.2

Action                   || total
-------------------------++-------
Melee: Falchion          ||    37
Armor: Animal skin       ||    11
Dodge: Dodged            ||    30
